 Dungeon Crawl Stone Soup version 0.23.2-30-g0e89c35649 (webtiles) character file.

Game seed: 9082375297412823122

3686 Mrkan the Basher (level 10, -5/64 HPs)
             Began as a Gargoyle Fighter on June 24, 2019.
             Was a Believer of Dithmenos.
             Slain by a hog (7 damage)
             ... on level 7 of the Dungeon.
             The game lasted 00:12:33 (5685 turns).

Mrkan the Basher (Gargoyle Fighter)                 Turns: 5685, Time: 00:12:34

Health: -5/64      AC: 18    Str: 21    XL:     10   Next: 13%
Magic:  14/14      EV:  6    Int:  9    God:    Dithmenos [**....]
Gold:   394        SH: 11    Dex: 11    Spells: 9/9 levels left

rFire    + . .     SeeInvis .   a - +0 flail
rCold    + + .     Gourm    .   c - +0 shield
rNeg     + . .     Faith    .   w - +0 chain mail {rC+}
rPois    ∞         Spirit   .   (no helmet)
rElec    +         Reflect  .   A - scarf {rC+ rF+}
rCorr    .         Harm     .   z - +0 pair of gloves
MR       .....                  v - +0 pair of boots
Stlth    ..........             (no amulet)
HPRegen  0.20/turn              (no ring)
MPRegen  0.14/turn              (no ring)

@: wreathed by umbra
A: negative energy resistance 1, electricity resistance, unbreathing,
petrification resistance, rot immunity, AC +7
a: Shadow Step, Renounce Religion


You were on level 7 of the Dungeon.
You worshipped Dithmenos.
Dithmenos was pleased with you.
You were not hungry.

You visited 1 branch of the dungeon, and saw 7 of its levels.
You also visited: Sewer.

You collected 394 gold pieces.

Inventory:

Hand Weapons
 a - a +0 flail (weapon)
Armour
 c - a +0 shield (worn)
 g - a +0 chain mail
 v - a +0 pair of boots (worn)
 w - a +0 chain mail of cold resistance (worn)
 z - a +0 pair of gloves (worn)
 A - a scarf of resistance (worn)
 F - a scarf of repulsion
Jewellery
 e - an uncursed ring of ice
Wands
 p - a wand of random effects (27)
 q - a wand of flame (10)
 y - a wand of scattershot (6)
Scrolls
 k - 2 scrolls of teleportation {unknown}
 l - 5 scrolls of remove curse
 m - a scroll of amnesia {unknown}
 o - a scroll of enchant armour {unknown}
 t - 2 scrolls of identify
 u - a scroll of blinking {unknown}
 x - 2 scrolls of magic mapping {unknown}
 B - 2 scrolls of noise {unknown}
Potions
 b - a potion of haste
 d - a potion of berserk rage {unknown}
 h - a potion of lignification
 i - 2 potions of brilliance
 j - 5 potions of heal wounds {unknown}
 n - 2 potions of degeneration {unknown}
 r - 2 potions of cancellation {unknown}
 s - 6 potions of curing
 C - a potion of agility {unknown}
 D - a potion of flight {unknown}
Comestibles
 f - 16 rations


   Skills:
 + Level 8.0 Fighting
 * Level 9.5 Maces & Flails
 - Level 3.2 Armour
 + Level 7.9 Shields
 + Level 5.8 Invocations


You had 9 spell levels left.
You didn't know any spells.
Your spell library contained the following spells:

 Spells                   Type           Power        Failure   Level  Hunger
 Animate Skeleton         Necr           N/A          100%        1    ##.....
 Apportation              Tloc           #.....       100%        1    ##.....
 Confusing Touch          Hex            #.....       100%        1    ##.....
 Summon Small Mammal      Summ           #...         100%        1    ##.....
 Call Imp                 Summ           #.......     100%        2    ###....
 Stone Arrow              Conj/Erth      #.....       100%        3    ####...
 Summon Ice Beast         Ice/Summ       #.......     100%        4    #####..
 Aura of Abjuration       Summ           #.........   100%        5    ######.


Dungeon Overview and Level Annotations

Branches:
Dungeon (7/15)
 Temple: D:4-7

Altars:
Dithmenos
Qazlal
Ru
Wu Jian
Xom

Annotations:
D:4 2 transporters, 1 runed translucent door, haesbaert's ghost, amateur HuWz
D:5 Prince Ribbit


Innate Abilities, Weirdness & Mutations

You are resistant to torment.
Your stone body is resilient. (AC +7)
You are immune to poison.
You resist negative energy. (rN+)
You are resistant to electric shocks. (rElec)
You can survive without breathing.
You are immune to petrification.
You are immune to rotting.


Message History

You hit the hog.
The hog is moderately wounded.
The hog bites you but does no damage.
You hit the hog but do no damage.
The hog is moderately wounded.
The hog bites you but does no damage. x2
You hit the hog.
The hog is heavily wounded.
You block the hog's attack.
Your shield and chain mail prevent you from hitting the hog.
The hog is heavily wounded.
The hog bites you but does no damage.
You thump the hog!
The hog is severely wounded.
The hog bites you.
* * * LOW HITPOINT WARNING * * *
You thump the hog!
The hog is almost dead.
The hog barely misses you. The hog bites you!
You die...

###### .....# .....#
#####'### # ##.#h...%#
# #..@†..%%# ###
###########..#######
#.(
...................#
#(#
#.#####.............#
#(#
........#######......#
#÷# #.#####...#
###....#.# #.#
#.#.##.......# # #.#
#.#.... ##### ## ##.#
...###.##.## .## #.<.


You could see a hog.

Vanquished Creatures
  Joseph (D:7)
  Grinder (D:5)
  A hippogriff (D:7)
  Sigmund (D:5)
  2 hogs (D:7)
  A yak (D:7)
  A human (D:7)
  Duvessa (D:5)
  3 ice beasts
  A phantom (D:7)
  2 sky beasts
  2 necrophages
  3 ogres
  A centaur (D:6)
  2 big kobolds (Sewer)
  A bullfrog (D:5)
  Dowan (D:5)
  2 crimson imps (D:7)
  A centaur zombie (D:7)
  A jelly (D:6)
  2 hounds
  A bullfrog skeleton (D:6)
  4 orc wizards
  An orc priest (D:6)
  A centaur skeleton (D:4)
  Terence (D:2)
  5 worker ants
  A howler monkey zombie (D:6)
  4 gnolls (D:6)
  13 adders
  A shadow imp (D:5)
  3 oozes
  2 worms
  A dart slug (D:2)
  6 leopard geckos
  10 orcs
  4 ball pythons
  9 bats
  11 giant cockroaches
  4 goblins
  6 hobgoblins
  5 jackals
  23 kobolds
  7 quokkas
  9 frilled lizards
  A jackal skeleton (D:4)
  A leopard gecko skeleton (D:4)
  A leopard gecko zombie (D:5)
  A quokka skeleton (D:4)
  A quokka zombie (D:5)
  13 rats
181 creatures vanquished.

Notes
Turn   | Place    | Note
-------+----------+-------------------------------------------
     0 | D:1      | Mrkan the Gargoyle Fighter began the quest for the Orb.
     0 | D:1      | Reached XP level 1. HP: 14/14 MP: 1/1
   130 | D:1      | Reached XP level 2. HP: 13/19 MP: 2/2
   643 | D:2      | Reached XP level 3. HP: 23/23 MP: 3/3
   732 | D:2      | Noticed Terence
   741 | D:2      | Killed Terence
   741 | D:2      | Reached skill level 3 in Maces & Flails
   799 | D:2      | Reached XP level 4. HP: 28/29 MP: 4/4
  1289 | D:3      | Found a glowing drain.
  1341 | Sewer    | Entered a sewer
  1375 | Sewer    | Reached XP level 5. HP: 26/33 MP: 5/5
  1384 | Sewer    | Noticed a big kobold
  1404 | Sewer    | Killed a big kobold
  1404 | Sewer    | Reached skill level 4 in Maces & Flails
  1482 | Sewer    | Noticed a big kobold
  1493 | Sewer    | Killed a big kobold
  1493 | Sewer    | Reached XP level 6. HP: 13/39 MP: 6/6
  2262 | D:3      | Reached skill level 5 in Maces & Flails
  2606 | D:4      | Found a transporter.
  2606 | D:4      | Found a transporter.
  2606 | D:4      | Found an ornate altar of the Wu Jian Council.
  2606 | D:4      | Noticed a cyan ugly thing
  2606 | D:4      | Noticed a sky beast
  2672 | D:4      | Reached skill level 5 in Fighting
  2672 | D:4      | Reached skill level 5 in Shields
  2727 | D:4      | Reached XP level 7. HP: 43/44 MP: 7/7
  2932 | D:4      | Found a shadowy altar of Dithmenos.
  2932 | D:4      | Found a stormy altar of Qazlal.
  2950 | D:4      | Became a worshipper of Dithmenos the Shadowed
  3016 | D:4      | Found a runed translucent door.
  3149 | D:4      | Noticed haesbaert's ghost (amateur HuWz)
  3176 | D:4      | Reached skill level 1 in Invocations
  3246 | D:4      | Identified the Papyrus of the Dusty Escort
  3310 | D:5      | Entered Level 5 of the Dungeon
  3310 | D:5      | Noticed Duvessa
  3310 | D:5      | Noticed Dowan
  3316 | D:5      | Killed Duvessa
  3317 | D:5      | Killed Dowan
  3317 | D:5      | Reached skill level 6 in Maces & Flails
  3470 | D:5      | Reached XP level 8. HP: 51/51 MP: 9/9
  3638 | D:5      | Noticed Grinder
  3659 | D:5      | Killed Grinder
  3734 | D:5      | Found a shimmering altar of Xom.
  3862 | D:5      | Noticed Sigmund
  3877 | D:5      | Killed Sigmund
  3877 | D:5      | Reached skill level 7 in Maces & Flails
  4079 | D:5      | Noticed Prince Ribbit
  4276 | D:6      | Found a sacrificial altar of Ru.
  4325 | D:6      | Reached * piety under Dithmenos
  4660 | D:6      | Reached XP level 9. HP: 50/56 MP: 11/11
  5126 | D:7      | Reached skill level 8 in Maces & Flails
  5126 | D:7      | Noticed Joseph
  5203 | D:7      | Killed Joseph
  5423 | D:7      | Reached skill level 5 in Invocations
  5577 | D:7      | Reached skill level 9 in Maces & Flails
  5632 | D:7      | Reached ** piety under Dithmenos
  5654 | D:7      | Reached XP level 10. HP: 37/64 MP: 14/14
  5684 | D:7      | HP: 1/64 [hog (6)]
  5685 | D:7      | Slain by a hog

Skill      XL: |  1  2  3  4  5  6  7  8  9 10 |
---------------+-------------------------------+-----
Maces & Flails | 3 4 5 6 7 9 |  9.5
Shields        | 4 5 6 7 |  7.9
Fighting       | 4 5 6 7 8 |  8.0
Invocations    | 2 3 5 |  5.8
Armour         | |  3.2

Action                   |  1- 3 |  4- 6 |  7- 9 | 10-12 || total
-------------------------+-------+-------+-------+-------++-------
Melee: Flail             |   127 |   343 |   531 |    31 ||  1032
  Use: Scroll            |       |     2 |     1 |       ||     3
       Potion            |       |     1 |     7 |       ||     8
  Eat: Chunk             |       |     6 |     8 |       ||    14
       Ration            |       |       |     1 |       ||     1
Armor: Scale mail        |    87 |       |       |       ||    87
       Chain mail        |    34 |   317 |   274 |    23 ||   648
       Skin              |       |       |    12 |       ||    12
Dodge: Dodged            |    64 |   100 |    96 |     7 ||   267
Block: Shield            |    99 |   218 |   232 |    19 ||   568
